 Dungeon Crawl Stone Soup version 0.18-a0-1748-g7377c14 (webtiles) character file.

121 dobroeutro the Shield-Bearer (level 5, 0/33 HPs)
             Began as a Gargoyle Fighter on Apr 12, 2016.
             Slain by a hound (2 damage)
             ... on level 4 of the Dungeon.
             The game lasted 00:03:43 (1842 turns).

dobroeutro the Shield-Bearer (Gargoyle Fighter)     Turns: 1842, Time: 00:03:43

Health: 0/33       AC: 12    Str: 21    XL:     5   Next: 5%
Magic:  5/5        EV:  7    Int:  8    God:
Gold:   159        SH:  9    Dex:  9    Spells: 0 memorised, 4 levels left

rFire  . . .     SeeInvis .     a - +0 flail
rCold  + . .     Gourm    .     b - +0 scale mail
rNeg   + . .     Faith    .     c - +0 shield
rPois  ∞         Spirit   .     k - +0 helmet (curse)
rElec  +         Dismiss  .     (no cloak)
rCorr  .         Reflect  .     (no gloves)
SustAt .         Harm     .     (no boots)
MR     .....     Rnd*Tele +     (no amulet)
Stlth  ..........               u - ring of teleportation (curse)
                                h - ring of protection from cold

@: not resistant to hostile enchantments, extremely unstealthy
A: negative energy resistance 1, electricity resistance, unbreathing,
petrification resistance, rot immunity, AC +4
a: no special abilities


You were on level 4 of the Dungeon.
You were very hungry.

You visited 1 branch of the dungeon, and saw 4 of its levels.

You collected 159 gold pieces.

Inventory:

Hand Weapons
 a - a +0 flail (weapon)
Armour
 b - a +0 scale mail (worn)
 c - a +0 shield (worn)
 k - a cursed +0 helmet (worn)
Jewellery
 h - a ring of protection from cold (left hand)
 u - a cursed ring of teleportation (right hand)
Scrolls
 g - a scroll of enchant weapon {unknown}
 i - a scroll of remove curse {unknown}
 l - 3 scrolls of magic mapping {unknown}
 p - 2 scrolls of identify {unknown}
 s - a scroll of teleportation {unknown}
 v - a scroll of amnesia {unknown}
 x - a scroll of blinking {unknown}
Potions
 d - 2 potions of might
 e - a potion of mutation {unknown}
 j - a potion of degeneration {unknown}
 m - a potion of brilliance {unknown}
 n - a potion of berserk rage {unknown}
 o - a potion of cancellation {unknown}
 r - 2 potions of curing {unknown}
 w - a potion of flight {unknown}
 z - a potion of haste {unknown}
Comestibles
 f - 3 bread rations
 q - 2 beef jerkies
 t - 4 fruits
 A - a meat ration


   Skills:
 + Level 3.9 Fighting
 + Level 2.7 Maces & Flails
 + Level 3.9 Armour
 + Level 4.8 Shields


You had 4 spell levels left.
You didn't know any spells.

Dungeon Overview and Level Annotations

Branches:
Dungeon (3/15)

Altars:
Cheibriados
Sif Muna
Trog
The Shining One


Innate Abilities, Weirdness & Mutations

You are resistant to torment.
Your stone body is resilient (AC +4).
You are immune to poison.
You resist negative energy.
You are resistant to electric shocks.
You can survive without breathing.
You are immune to petrification.
You are immune to rotting.


Message History

You hit the hound.
The hound is lightly wounded.
The hound bites you.
* * * LOW HITPOINT WARNING * * *
The worker ant bites you but does no damage.
The orc closely misses you. You block the hound's attack.
Your shield and scale mail prevent you from hitting the hound.
You block the worker ant's attack. You block the hound's attack.
The orc hits you but does no damage. The worker ant bites you.
* * * LOW HITPOINT WARNING * * *
The hound barely misses you.
You barely miss the hound. The hound bites you.
* * * LOW HITPOINT WARNING * * *
The orc hits you but does no damage. The worker ant completely misses you.
The hound barely misses you. The orc closely misses you.
The worker ant barely misses you.
You completely miss the hound.
You are feeling very hungry.
The hound bites you.
You die...

..........#
..........#
..........#
..........########
....####.........#
....# #.........#
....# #........l#
....# #.......oa#
.... #.....).h@#
###########


You could see an iguana, a hound, a worker ant and an orc.

Vanquished Creatures
  A giant frog skeleton (D:4)
  A worker ant (D:4)
  An adder (D:2)
  An ooze (D:3)
  3 dart slugs
  2 giant geckos
  An orc (D:3)
  4 giant cockroaches (D:3)
  7 goblins
  7 hobgoblins
  2 quokkas
  7 bats
  A giant newt (D:1)
  6 kobolds
  3 rats
47 creatures vanquished.

Notes
Turn   | Place    | Note
--------------------------------------------------------------
     0 | D:1      | dobroeutro the Gargoyle Fighter began the quest for the Orb.
     0 | D:1      | Reached XP level 1. HP: 14/14 MP: 1/1
   161 | D:1      | Reached XP level 2. HP: 19/19 MP: 2/2
   808 | D:2      | Found a bloodstained altar of Trog.
   856 | D:2      | Reached XP level 3. HP: 22/24 MP: 3/3
   876 | D:2      | Reached skill level 4 in Shields
  1262 | D:3      | Found a glowing golden altar of the Shining One.
  1262 | D:3      | Found a deep blue altar of Sif Muna.
  1263 | D:3      | Found a snail-covered altar of Cheibriados.
  1447 | D:3      | Reached XP level 4. HP: 29/29 MP: 4/4
  1637 | D:3      | You fall through a shaft!
  1734 | D:4      | Noticed a sky beast
  1831 | D:4      | Reached XP level 5. HP: 10/33 MP: 5/5
  1842 | D:4      | Slain by a hound

Vault maps used:
D:1:      minmay_arrival_shattered_statue
D:2:      kennysheep_big_flooded_room, bloody_trog,
          corexii_item_surrounded_by_moat
D:3:      nicolae_overflow_hidden_temple, gammafunk_temple_overflow_forgotten,
          first_bread, cheibrodos_gnoll_hut
D:4:      uniq_robin, uniq_menkaure

Skill      XL: |  1  2  3 |
---------------+----------+-----
Shields        | 4 |  4.8
Fighting       | |  3.9
Maces & Flails | |  2.7
Armour         | |  3.9

Action                   |  1- 3 |  4- 6 || total
-------------------------+-------+-------++-------
Melee: Flail             |   149 |    74 ||   223
  Eat: Pizza             |       |     1 ||     1
       Chunk             |       |     1 ||     1
Armor: Scale mail        |   106 |    74 ||   180
Dodge: Dodged            |    59 |    47 ||   106
Block: Shield            |    99 |    67 ||   166
